 Dungeon Crawl Stone Soup version 0.31-a0-182-gc5ef74bbde (webtiles) character file.

Game seed: 5031609063117664160

60 qw the Chopper (level 4, -2/28 HPs)
             Began as a Gargoyle Fighter on June 21, 2023.
             Slain by a goblin
             ... wielding a +0 club
             ... led by Robin
              (5 damage)
             ... on level 2 of the Dungeon.
             The game lasted 00:00:30 (1205 turns).

qw the Chopper (Gargoyle Fighter)                   Turns: 1205, Time: 00:00:31

Health: -2/28      AC: 11    Str: 21    XL:     4   Next: 6%
Magic:  4/4        EV:  9    Int:  9    God:
Gold:   115        SH:  4    Dex:  9    Spells: 3/3 levels left

rFire   . . .        Y - +0 war axe
rCold   . . .        c - +0 buckler
rNeg    + . .        b - +0 scale mail
rPois   inf          i - +0 helmet
rElec   +            (no cloak)
rCorr   .            (no gloves)
SInv    .            (no boots)
Will    .....        (no amulet) Stlth
                     (no ring)
HPRegen 0.24/turn    (no ring)
MPRegen 0.09/turn

%: no passive effects
@: no status effects
A: sickness immunity, AC +3, negative energy resistance 1, electricity
resistance, torment resistance 1, petrification resistance
a: no special abilities


You were on level 2 of the Dungeon.
You visited 1 branch of the dungeon, and saw 2 of its levels.

You collected 115 gold pieces.


Innate Abilities, Weirdness & Mutations

You are immune to sickness and miasma.
Your stone body is resilient. (AC +3)
You are immune to poison.
You resist negative energy. (rN+)
You are resistant to electric shocks. (rElec)
You are resistant to unholy torment.
You are immune to petrification.


   Skills:
 - Level 3.2 Fighting
 + Level 3.8 Axes
 - Level 3.2 Armour
 - Level 3.2 Shields


You had 3 spell levels left.
You didn't know any spells.
Your spell library was empty.

Inventory:

Hand Weapons
 a - a +0 flail
 Y - a +0 war axe (weapon)
Armour
 b - a +0 scale mail (worn)
 c - a +0 buckler (worn)
 i - a +0 helmet (worn)
Potions
 d - a potion of might
 g - a potion of attraction {unknown}
 h - a potion of curing
 k - a potion of mutation {unknown}

Dungeon Overview and Level Annotations

Branches:
Dungeon (2/15)

Altars:

Annotations:
D:2 Robin


Message History

The goblins go into a battle-frenzy!
The goblin completely misses you.
A hobgoblin comes into view.
A goblin comes into view. It is wielding a +0 club.
The goblin hits you but does no damage. x2
The hobgoblin shouts!
You hear a shout!
You hit the goblin but do no damage. You closely miss the goblin.
The goblin barely misses you. You block the goblin's attack.
A hobgoblin comes into view.
You closely miss the goblin. You miss the goblin.
The goblin hits you but does no damage. You block the goblin's attack.
The goblin barely misses you.
You slash the goblin!
You kill the goblin!
You hit the goblin.
You kill the goblin!
The goblin unwields a +0 dagger.
The goblin wields a +0 sling.
The goblin shoots a sling bullet.
The sling bullet hits you.
You have reached level 4!
You feel clever.
The goblin unwields a +0 sling.
The goblin wields a +0 dagger.
The goblin hits you but does no damage.
You see here a +0 club.
Enter note:
Enter note:
Enter note:
Enter note: You closely miss the goblin.
The goblin hits you but does no damage. The goblin hits you with a +0 dagger.
You closely miss the goblin. Robin throws the goblin at you!
The goblin hits you but does no damage. The goblin hits you with a +0 dagger.
You hit the goblin.
You kill the goblin!
You closely miss the goblin. Robin throws the goblin at you!
The goblin hits you with a +0 club. x2
The goblin barely misses you. The goblin hits you with a +0 club. x2
You closely miss the goblin. x2; You slash the goblin!
You kill the goblin!
The goblin hits you with a +0 club. x2
You die...

#.... #.##.##.%#.
#>##.....#. # #
#.#####....
....###:#####.##.
#............### ######
#..#####.#####
#....########..# #.#
#.##.[....g)...# #.#
#.#########@########.###
#.# #g# #.......## #.##


ggg #.#......#### #..# ..gg. #.#.#.#...... ##.# .......#.#(..#..###+ #.#
#.......#.#..##.## #.# #.......#.#.....# #.# #.......#.......# ##.# ####.#..#
You could see Robin, 3 hobgoblins and 3 goblins.

Vanquished Creatures
  3 gnolls (D:2)
  A worm (D:2)
  A dart slug (D:1)
  2 endoplasms (D:1)
  2 giant cockroaches
  5 goblins (D:2)
  2 hobgoblins (D:2)
  A quokka (D:1)
  4 ball pythons
  A bat (D:2)
  3 frilled lizards
  3 kobolds (D:1)
  2 rats
30 creatures vanquished.

Notes
Turn   | Place    | Note
-------+----------+-------------------------------------------
     0 | D:1      | qw the Gargoyle Fighter began the quest for the Orb.
     0 | D:1      | Reached XP level 1. HP: 14/14 MP: 1/1
     0 | D:1      | 0 ||| qw: Version: 0.3-a-9-g12657ce
     0 | D:1      | 0 ||| qw: Game counter: 1621
     0 | D:1      | 0 ||| qw: Always use a shield: true
     0 | D:1      | 0 ||| qw: God list: Okawaru
     0 | D:1      | 0 ||| qw: Allow faded altars: false
     0 | D:1      | 0 ||| qw: Do Orc after D:15 true
     0 | D:1      | 0 ||| qw: Do second Lair branch before Depths: true
     0 | D:1      | 0 ||| qw: Lair rune preference: random
     0 | D:1      | 0 ||| qw: Plans: Normal, Zot:1-4, Slime:5, God:TSO, Crypt,
                  | Tomb, Abyss, Pan, Hells, Win
     0 | D:1      | 0 ||| PLANNING D:1-11
   282 | D:1      | Reached XP level 2. HP: 19/19 MP: 2/2
   415 | D:1      | Found a faded altar of an unknown god.
   740 | D:1      | 740 ||| UPGRADING to +0 helmet.
   745 | D:1      | 745 ||| READING scroll labelled GIRIGE SIYCWA.
   746 | D:1      | 746 ||| READING scroll labelled CEAQINKEFUT.
   747 | D:1      | 747 ||| DRINKING 2 clear potions.
   831 | D:2      | 831 ||| Stepping ~*~*~tactically~*~*~ (hiding).
   838 | D:2      | Reached skill level 3 in Axes
   838 | D:2      | Reached XP level 3. HP: 13/23 MP: 3/3
   843 | D:2      | HP: 5/23 [gnoll/+0 spear (4)]
   920 | D:2      | 920 ||| DROPPING +0 mace.
  1184 | D:2      | 1184 ||| Stepping ~*~*~tactically~*~*~ (hiding).
  1196 | D:2      | Noticed Robin
  1201 | D:2      | Reached XP level 4. HP: 22/28 MP: 4/4
  1204 | D:2      | HP: 5/28 [goblin/+0 club[Robin] (4)]
  1205 | D:2      | Slain by a goblin

Levels and vault maps discovered:
D:1:      nagdon_arrival_double_spiral, layout_basic,
          hellmonk_ecumenical_altar_heavens_door
D:2:      layout_loops_cross, kennysheep_another_room,
          minmay_misc_feat_ornament, nrook_campfire, uniq_robin,
          uniq_crazy_yiuf_cottage

Skill      XL: |  1  2 |
---------------+-------+-----
Axes           | 2 3 |  3.8
Fighting       | |  3.2
Armour         | |  3.2
Shields        | |  3.2

Action                     |  1- 3 |  4- 6 || total
---------------------------+-------+-------++-------
  Melee: War axe           |    74 |     4 ||    78
    Use: Scroll            |     2 |       ||     2
         Potion            |     1 |       ||     1
 Armour: Scale mail        |    30 |     4 ||    34
  Dodge: Dodged            |    29 |     1 ||    30
  Block: Buckler           |    18 |       ||    18

Table legend:
 A = Non-vault XP
 B = Vault XP
 C = Vault XP percentage of total XP
 D = Non-vault monster count
 E = Vault monster count
 F = Vault count percentage of total count
                 A         B        C        D         E       F
            +---------+---------+-------+---------+---------+-------
      Total |      79 |      10 |  11.2 |      25 |       5 |  16.7
            +---------+---------+-------+---------+---------+-------
        D:1 |      23 |       0 |   0.0 |      14 |       0 |   0.0
        D:2 |      56 |      10 |  15.2 |      11 |       5 |  31.2
            +---------+---------+-------+---------+---------+-------
